AoeStats
← amityy

Oasis

510030646Analyzed
2v2 RM · 3d ago on Sep 29, 2026· 15m 39s· 4 players
Game mode
Random Map
Map size
Medium (4 player)
Population
200
Speed
Normal
Resources
Standard
Victory
Conquest
Starting age
Dark Age
Ending age
Imperial Age
RankedLock teamsTeams togetherTeam positionsShared explorationLock speedFull tech treeHidden civsTurbo modeCheats
Victory
Defeat
🇺🇸 Persians · United States
946
+15
🇺🇸 Cumans · United States
774
+22
🇷🇺 Persians · Russia
932
-19
🇺🇸 Varangians · United States
877
-17
Au_Goose
10:42 Feudal Age
11:37 Double-Bit Axe
12:35 Bloodlines
16:22 Wheelbarrow
15:55 Loom
Jean_Batist_Amour
11:44 Feudal Age
crustytots409
8:12 Loom
10:26 Feudal Age
amityy
6:16 Loom
8:48 Feudal Age
9:44 Double-Bit Axe
13:06 Horse Collar
14:03 Forging
Connection lost

Rejoining the realm…

Still unreachable

The connection could not be restored.

Session expired

The server has moved on; the page needs a fresh start.